 Dungeon Crawl Stone Soup version 0.31-a0-4-gefa6de2278 (webtiles) character file.

Game seed: 11769748392321430932

116 subawu the Covered (level 4, -2/40 HPs)
             Began as a Minotaur Fighter on May 4, 2023.
             Slain by Grinder (6 damage)
             ... while paralysed by Grinder
             ... on level 3 of the Dungeon.
             The game lasted 00:11:05 (3033 turns).

subawu the Covered (Minotaur Fighter)               Turns: 3033, Time: 00:11:05

Health: -2/40      AC: 13    Str: 20    XL:     4   Next: 70%
Magic:  3/3        EV:  2    Int:  7    God:
Gold:   145        SH:  0    Dex: 10    Spells: 3/3 levels left

rFire   . . .        a - +0 war axe
rCold   . . .        c - +0 buckler
rNeg    . . .        g - +0 plate armour
rPois   .            (helmet restricted)
rElec   .            p - scarf {+Inv}
rCorr   .            (no gloves)
SInv    .            o - +0 pair of boots
Will    .....        (no amulet) Stlth
                     (no ring)
HPRegen 0.26/turn    (no ring)
MPRegen 0.08/turn

%: no passive effects
@: paralysed
A: horns 2, retaliatory headbutt
a: Evoke Invisibility


You were on level 3 of the Dungeon.
You visited 1 branch of the dungeon, and saw 3 of its levels.

You collected 145 gold pieces.

Inventory:

Hand Weapons
 a - a +0 war axe (weapon)
 n - a +1 sling of flaming
 t - a +0 shortbow
 u - a +1 whip of draining
 v - a +0 halberd
 w - a +0 war axe
 x - a +0 spear
Armour
 b - a +0 scale mail
 c - a +0 buckler (worn)
 g - a +0 plate armour (worn)
 o - a +0 pair of boots (worn)
 p - a scarf of invisibility (worn)
 s - a +0 cloak
Scrolls
 h - a scroll of fear {unknown}
 j - 2 scrolls of magic mapping {unknown}
 l - 2 scrolls of identify {unknown}
 m - 2 scrolls of silence {unknown}
 q - a scroll of poison {unknown}
Potions
 d - a potion of might
 e - 2 potions of ambrosia {unknown}
 f - 2 potions of degeneration {unknown}
 i - a potion of cancellation {unknown}
 k - a potion of haste {unknown}
 r - a potion of heal wounds {unknown}


   Skills:
 + Level 4.0 Fighting
 + Level 4.3 Axes
 + Level 4.5 Armour
 + Level 1.1 Dodging
 + Level 4.1 Shields


You had 3 spell levels left.
You didn't know any spells.
Your spell library was empty.

Dungeon Overview and Level Annotations

Branches:
Dungeon (3/15)

Altars:

Annotations:
D:3 Grinder


Innate Abilities, Weirdness & Mutations

You have a pair of horns on your head.
You reflexively headbutt those who attack you in melee.


Message History

Grinder is moderately wounded.
Grinder zaps a wand.
The puff of flame hits you.
You slash Grinder!
Grinder is severely wounded.
Grinder says, "Just stop there for a second..."
Grinder hits you but does no damage.
You hit Grinder but do no damage. Your headbutt misses Grinder.
Grinder is severely wounded.
Grinder gestures at you. Pain shoots through your body!
* * * LOW HITPOINT WARNING * * *
Grinder zaps a wand.
The puff of flame misses you.
You closely miss Grinder.
Grinder is severely wounded.
Grinder barely misses you.
You hit Grinder.
Grinder is severely wounded.
Grinder barely misses you.
You barely miss Grinder. Your headbutt misses Grinder.
Grinder is severely wounded.
Grinder blinks!
Grinder blinks!
Grinder zaps a wand.
You block the puff of flame.
Grinder zaps a wand.
The puff of flame hits you.
* * * LOW HITPOINT WARNING * * *
Grinder says, "Mostly I couldn't keep them alive."
You hit Grinder. Your headbutt misses Grinder.
Grinder is almost dead.
Grinder gestures at you. You resist with significant effort.
Grinder gestures at you.
You suddenly lose the ability to move!
Grinder gestures at you.
You barely resist. Grinder hits you.
* * * LOW HITPOINT WARNING * * *
Grinder hits you.
* * * LOW HITPOINT WARNING * * *
You writhe in agony.
You die...

#### ######### ...#
#.. ...##### ##.# #.#
#.#.>.##
##.#####.#####......##
...............5@....#
.#.#####)#####.......#
.#.# #.# #.....#.#
#..# #.. .....#....#
#### ########.##.#.# .
#.##.#.# #......#
####.###


You could see Grinder.

Vanquished Creatures
  An adder (D:2)
  4 gnolls (D:3)
  3 dart slugs
  5 bats
  4 endoplasms
  6 giant cockroaches
  5 goblins
  7 hobgoblins
  3 jackals (D:3)
  3 quokkas
  6 ball pythons
  2 frilled lizards (D:2)
  4 kobolds
  4 rats
57 creatures vanquished.

Notes
Turn   | Place    | Note
-------+----------+-------------------------------------------
     0 | D:1      | subawu the Minotaur Fighter began the quest for the Orb.
     0 | D:1      | Reached XP level 1. HP: 19/19 MP: 0/0
   232 | D:1      | Reached XP level 2. HP: 27/27 MP: 1/1
   954 | D:1      | Reached XP level 3. HP: 33/33 MP: 2/2
  1697 | D:2      | Reached skill level 1 in Dodging
  2435 | D:3      | Reached XP level 4. HP: 40/40 MP: 3/3
  2477 | D:3      | HP: 2/40 [gnoll/+0 war axe (4)]
  2938 | D:3      | Noticed Grinder
  2946 | D:3      | Paralysed by Grinder for 3 turns
  2953 | D:3      | Paralysed by Grinder for 2 turns
  2957 | D:3      | Paralysed by Grinder for 3 turns
  2981 | D:3      | Paralysed by Grinder for 3 turns
  2991 | D:3      | Paralysed by Grinder for 5 turns
  2997 | D:3      | Paralysed by Grinder for 4 turns
  3030 | D:3      | Paralysed by Grinder for 5 turns
  3033 | D:3      | Slain by Grinder

Illustrated notes

Levels and vault maps discovered:
D:1:      lightli_arrival_noodles, layout_loops_corners
D:2:      layout_loops_ring, kennysheep_decorative_pillar, minmay_pentomino_q2
D:3:      minmay_inner_zag, layout_loops_cross, uniq_grinder,
          uniq_crazy_yiuf_cottage

Skill      XL: |  1  2  3  4 |
---------------+-------------+-----
Armour         | 4 |  4.5
Shields        | 4 |  4.1
Fighting       | 4 |  4.0
Axes           | 3 4 |  4.3
Dodging        | 1 |  1.1

Action                     |  1- 3 |  4- 6 || total
---------------------------+-------+-------++-------
  Melee: War axe           |    74 |    47 ||   121
         Headbutt          |     6 |     6 ||    12
 Armour: Scale mail        |    24 |       ||    24
         Plate armour      |    48 |    44 ||    92
  Dodge: Dodged            |    52 |    24 ||    76
  Block: Buckler           |    32 |    19 ||    51

Table legend: (Time is in decaauts)
 A = Elapsed time spent in this place.
 B = Non-inter-level travel time spent in this place.
 C = Inter-level travel time spent in this place.
 D = Time resting spent in this place.
 E = Time spent auto-exploring this place.
 F = Levels seen in this place.
 G = Mean time per level.
                   A        B        C        D        E       F      G
               +--------+--------+--------+--------+--------+-----+--------+
         Total |   3077 |   2648 |    429 |    428 |      0 |   3 | 1025.7 |
       Dungeon |   3077 |   2648 |    429 |    428 |      0 |   3 | 1025.7 |
               +--------+--------+--------+--------+--------+-----+--------+

Top non-repeatable levels by time:
     D:1: 1527 daAuts
     D:2: 882 daAuts
     D:3: 667 daAuts
